 Dungeon Crawl Stone Soup version 0.28.0-53-g5a82cb258f (webtiles) character file.

Game seed: 2344981021220403092

76 Peloso the Covered (level 4, 41/41 HPs)
             Began as a Minotaur Fighter on May 28, 2022.
             Got out of the dungeon alive.
             The game lasted 00:01:49 (1525 turns).

Peloso the Covered (Minotaur Fighter)               Turns: 1525, Time: 00:01:50

Health: 41/41      AC:  8    Str: 21    XL:     4   Next: 12%
Magic:  3/3        EV:  9    Int:  5    God:
Gold:   64         SH:  4    Dex: 11    Spells: 3/3 levels left

rFire   . . .      SeeInvis .   a - +0 long sword
rCold   . . .      Faith    .   c - +0 buckler
rNeg    . . .      Spirit   .   b - +0 scale mail
rPois   .          Reflect  .   (helmet restricted)
rElec   .          Harm     .   j - +0 cloak
rCorr   .          Rampage  .   (no gloves)
Will    .....      Clarity  +   (no boots)
Stlth   ..........              (no amulet)
HPRegen 0.13/turn               (no ring)
MPRegen 0.08/turn               (no ring)

@: no status effects
A: horns 2, retaliatory headbutt, clarity, deterioration 1
a: no special abilities


You escaped.
You visited 1 branch of the dungeon, and saw 2 of its levels.

You collected 64 gold pieces.

Inventory:

Hand Weapons
 a - a +0 long sword (weapon)
Armour
 b - a +0 scale mail (worn)
 c - a +0 buckler (worn)
 j - a +0 cloak (worn)
Scrolls
 g - 2 scrolls of teleportation {unknown}
 h - 2 scrolls of fear {unknown}
 l - a scroll of torment {unknown}
 m - a scroll of vulnerability {unknown}
Potions
 d - a potion of might
 k - a potion of brilliance


   Skills:
 + Level 4.3 Fighting
 + Level 3.0 Long Blades
 + Level 4.5 Armour
 + Level 0.2 Dodging
 + Level 4.3 Shields


You had 3 spell levels left.
You didn't know any spells.
Your spell library was empty.

Dungeon Overview and Level Annotations

Branches:
Dungeon (2/15)

Altars:


Innate Abilities, Weirdness & Mutations

You have a pair of horns on your head.
You reflexively headbutt those who attack you in melee.
You possess an exceptional clarity of mind.
Your body sometimes deteriorates upon taking damage.


Message History

You hit the adder.
The adder is heavily wounded.
The adder barely misses you. The adder bites you.
You closely miss the adder.
The adder is heavily wounded.
The adder completely misses you. You block the adder's attack.
You closely miss the adder.
The adder is heavily wounded.
The adder bites you but does no damage.
You closely miss the adder.
The adder is heavily wounded.
The adder barely misses you. The adder closely misses you.
You slash the adder!
You kill the adder!
Your Long Blades skill increases to level 3!
You have reached level 4!
You feel stronger.
Done exploring.
Done exploring.
Done exploring.
Done exploring.
As you read the scroll labelled KUASAU VIUGIANN, it crumbles to dust.
You hear a loud clanging noise!
It was a scroll of noise.
As you read the scroll labelled OTE LENNETSA, it crumbles to dust.
It is a scroll of identify.
k - a potion of brilliance It was a potion of mutation.
You feel extremely strange.
You feel yourself wasting away.
Your thoughts seem clearer.
(D) Dungeon
Where to? (? - help)
What level of the Dungeon? (default 1, ? - help)
There is a stone staircase leading up here.
You climb upwards.
There is a stone staircase leading down here.
You enter the shallow water.
Moving in this stuff is going to be slow.
There is a staircase leading out of the dungeon here.
Are you sure you want to leave the Dungeon?
This will make you lose the game!
You have escaped!

###......#........###.##...
######..#######.#######..#.##...
#.........####...####....#.##...
##.#####.....#..≈..#.....##.##...
....####8..≈....≈....≈..8##......
......###...≈..≈≈≈..≈...###.##.##
.#..#.##.....≈≈≈≈≈≈≈.....##.##.##
...........≈≈≈≈...≈≈≈≈....#.##.##
..#.#.#..≈≈≈≈≈..@..≈≈≈≈≈..#.##.##
..#...#....≈≈≈≈...≈≈≈≈....#.#.#)#
..##..##.....≈≈≈≈≈≈≈.....##..###.
..##...##...≈..≈≈≈..≈...##..## ##
#......#8..≈....≈....≈..8#>..###.
###...##.....#..≈..#.....#)...#.#
#.........####.^.####....#.##.##
##.......### ##.## ###..#.##.##
.#.....### #...# ####.##.#.


There were no monsters in sight!

Vanquished Creatures
  A gnoll (D:1)
  3 adders (D:2)
  A worm (D:2)
  2 dart slugs
  3 ball pythons
  2 endoplasms (D:1)
  A giant cockroach (D:1)
  5 goblins
  2 hobgoblins (D:2)
  A quokka (D:2)
  4 bats
  3 frilled lizards
  3 kobolds (D:1)
  4 rats
35 creatures vanquished.

Notes
Turn   | Place    | Note
-------+----------+-------------------------------------------
     0 | D:1      | Peloso the Minotaur Fighter began the quest for the Orb.
     0 | D:1      | Reached XP level 1. HP: 19/19 MP: 0/0
   179 | D:1      | Reached XP level 2. HP: 26/27 MP: 1/1
   512 | D:1      | Reached XP level 3. HP: 29/33 MP: 2/2
   849 | D:2      | Noticed a floating eye
   851 | D:2      | Found a faded altar of an unknown god.
   853 | D:2      | Noticed a floating eye
   853 | D:2      | Noticed a floating eye
   853 | D:2      | Noticed a floating eye
  1317 | D:2      | Reached XP level 4. HP: 39/41 MP: 3/3
  1479 | D:2      | Gained mutation: Your body sometimes deteriorates upon
                  | taking damage. [potion of mutation]
  1479 | D:2      | Gained mutation: You possess an exceptional clarity of
                  | mind. [potion of mutation]
  1525 | D:$      | Got out of the dungeon alive.

Illustrated notes

Levels and vault maps discovered:
D:1:      eino_arrival_water_star, layout_loops_cross
D:2:      layout_basic, hellmonk_ecumenical_altar_watching_god

Skill      XL: |  1  2  3 |
---------------+----------+-----
Shields        | 4 |  4.3
Armour         | 4 |  4.5
Fighting       | 4 |  4.3
Long Blades    | 3 |  3.0
Dodging        | |  0.2

Action                   |  1- 3 |  4- 6 || total
-------------------------+-------+-------++-------
Melee: Long sword        |    68 |       ||    68
       Headbutt          |     9 |       ||     9
  Use: Scroll            |       |     2 ||     2
       Potion            |       |     1 ||     1
Armor: Scale mail        |    23 |       ||    23
Dodge: Dodged            |    27 |       ||    27
Block: Buckler           |    10 |       ||    10
